 Dungeon Crawl Stone Soup version 0.23.0 (webtiles) character file.

Game seed: 6148407192571733803

7103 ventricule the Protected (level 10, 0/77 HPs)
             Began as a Minotaur Berserker on Feb 9, 2019.
             Was a High Priest of Trog.
             Succumbed to a queen bee's poison
             ... on level 10 of the Dungeon.
             The game lasted 00:13:31 (8353 turns).

ventricule the Protected (Minotaur Berserker)       Turns: 8353, Time: 00:13:31

Health: 0/77       AC: 18    Str: 22    XL:     10   Next: 84%
Magic:  9/9        EV:  9    Int:  5    God:    Trog [*****.]
Gold:   684        SH:  0    Dex: 12    Spells: 9/9 levels left

rFire    + + +     SeeInvis .   B - +7 mace of Variability {chain chaos}
rCold    . . .     Gourm    +   (shield currently unavailable)
rNeg     . . .     Faith    .   n - +0 chain mail
rPois    .         Spirit   .   (helmet restricted)
rElec    .         Reflect  .   k - +2 cloak
rCorr    .         Harm     .   C - +0 pair of gloves
MR       +....                  (no boots)
Stlth    ..........             f - amulet of the Priest {Gourm rF++}
HPRegen  0.22/turn              F - ring of protection from fire
MPRegen  0.11/turn              m - ring of protection from magic

@: lethally poisoned (0 -> -7), berserk cooldown, slowed, very slow
A: retaliatory headbutt, horns 2
a: Berserk, Trog's Hand, Brothers in Arms, Renounce Religion


You were on level 10 of the Dungeon.
You worshipped Trog.
Trog was extremely pleased with you.
You were very full.

You visited 1 branch of the dungeon, and saw 10 of its levels.
You also visited: Sewer.

You collected 684 gold pieces.

Inventory:

Hand Weapons
 q - a +0 war axe
 B - the +7 mace of Variability (weapon) {chain chaos}
   (You found it on level 9 of the Dungeon)

   Each time it hits an enemy it has a different, random effect.
Missiles
 D - 7 javelins
 L - 10 poisoned needles
 Q - 269 stones (quivered)
Armour
 k - a +2 cloak (worn)
 n - a +0 chain mail (worn)
 y - a +0 buckler
 C - a +0 pair of gloves (worn)
Jewellery
 f - the amulet of the Priest (around neck) {Gourm rF++}
   (You found it in a sewer)

   [amulet of the gourmand]

   It allows you to eat raw meat even when not hungry.
   It greatly protects you from fire.
 m - a ring of protection from magic (right hand)
 F - a ring of protection from fire (left hand)
 G - an uncursed amulet of guardian spirit {Spirit}
 H - an uncursed ring of protection from fire
 K - a cursed ring of teleportation {unknown}
Wands
 a - a wand of enslavement (12)
 b - a wand of flame (8)
 c - a wand of disintegration (19)
 A - a wand of paralysis (20)
 E - a wand of polymorph (5)
Scrolls
 i - 6 scrolls of identify
 o - 4 scrolls of enchant armour
 t - a scroll of teleportation
 u - a scroll of magic mapping {!r}
 x - 4 scrolls of remove curse
 z - a scroll of immolation {unknown}
Potions
 d - 3 potions of might
 g - a potion of haste {unknown}
 h - a potion of cancellation
 j - 4 potions of brilliance
 l - a potion of heal wounds
 p - 3 potions of flight
 r - 2 potions of resistance {unknown}
 s - a potion of magic
 v - 3 potions of mutation {!q}
 w - a potion of curing {unknown}
 J - a potion of invisibility {unknown}
Comestibles
 e - 17 rations
 I - 4 chunks of flesh


   Skills:
 - Level 3.6 Fighting
 - Level 11.8(12.6) Axes
 + Level 7.5(10.6) Maces & Flails
 + Level 13.4 Armour
 - Level 2.1 Dodging
 - Level 4.1 Shields


You had 9 spell levels left.
You didn't know any spells.
Your spell library was empty.

Dungeon Overview and Level Annotations

Branches:
Dungeon (10/15)            Temple (0/1) D:7             Orc (0/2) D:9
   Lair: D:8-11

Altars:
Ashenzari
Cheibriados
Fedhas
Gozag
Makhleb
Qazlal
Sif Muna
Uskayaw
Vehumet
Wu Jian
Xom


Innate Abilities, Weirdness & Mutations

You reflexively headbutt those who attack you in melee.
You have a pair of horns on your head.


Message History

You are too berserk!
You thump the yak! You burn the yak.
The mace of Variability scintillates.
A swirling arc of seething chaos appears!
The arc of chaos hits the yak!
The arc of chaos grounds out.
You headbutt the yak.
You kill the yak!
You are too berserk!
Okay, then.
You are too berserk!
* * * LOW HITPOINT WARNING * * *
You feel sick.
You take 1 damage, and have 2/115 hp.
You feel a strong urge to attack something.
* * * LOW HITPOINT WARNING * * *
You feel sick.
You take 1 damage, and have 1/115 hp.
You feel your anger nearly subside.
You are no longer berserk.
You are exhausted.
You feel yourself slow down.
You die...

## ### ... .<# .... ..#
##########...Y
..##########............
..................†..#
................@†...#
..########.......†...#
..# #...).......# ..#
#...........# ..#
#...#####...# ..# #...#
...# ..# #...# ...# ..#
#...# ...# ..+ #...#
...#


There were no monsters in sight!

Levels and vault maps discovered:
D:1:      onia_arrival_mini_spirals, layout_rooms
D:2:      layout_basic
D:3:      layout_basic, vehumet_crystals, first_ration
D:4:      minmay_inner_zag, layout_rooms, kennysheep_mini_moat,
          nicolae_overflow_crystal_walls, minmay_parallelograms,
          kennysheep_opposing_triangles, uniq_blork_the_orc, uniq_grinder
D:5:      minmay_chambers_of_fours, layout_rooms, ashenzari_altar_1,
          gup_sewer_entry_bowl, uniq_edmund, uniq_crazy_yiuf_cottage
D:6:      corexii_shack_village, layout_cave_pods,
          grunt_temple_overflow_champion_of_chaos, marbit_many_paths
D:7:      layout_basic, grunt_temple_overflow_open,
          minmay_temple_entry_overgrown
D:8:      layout_basic, the_bakery, serial_park_tiny_1, uniq_harold
D:9:      layout_roguey, orc_0_dummy, minmay_guarded_unrand_variability
D:10:     layout_irregular_city, erik_lair_orcish_takeover, serial_shops, shop
Sewer:    sewer_big_baddie

Notes
Turn   | Place    | Note
-------+----------+-------------------------------------------
     0 | D:1      | ventricule the Minotaur Berserker began the quest for the
                  | Orb.
     0 | D:1      | Reached XP level 1. HP: 19/19 MP: 0/0
    91 | D:1      | Identified a +0 short sword
    93 | D:1      | Identified a +0 short sword
    98 | D:1      | Reached skill level 4 in Axes
   203 | D:1      | Reached XP level 2. HP: 26/26 MP: 1/1
   206 | D:1      | Reached skill level 3 in Armour
   250 | D:1      | Identified a +0 leather armour (You found it on level 1 of
                  | the Dungeon)
   718 | D:2      | Identified a +0 club
   719 | D:2      | Identified a +0 trident
   720 | D:2      | Identified a cursed -2 hand axe
   720 | D:2      | Identified a +0 leather armour
   728 | D:2      | Identified a +0 dagger
   728 | D:2      | Identified a +0 hunting sling
   731 | D:2      | HP: 8/39 [orc (3)]
   732 | D:2      | Reached XP level 3. HP: 10/31 MP: 2/2
   742 | D:2      | HP: 6/31 [goblin/stone (2)]
   747 | D:2      | HP: 4/31 [goblin/+0 dagger (1)]
   784 | D:2      | Reached ** piety under Trog
   808 | D:2      | Identified a +0 club
  1063 | D:2      | Identified a +0 quarterstaff
  1064 | D:2      | Identified a +0 dagger
  1153 | D:2      | Identified a +0 dagger
  1222 | D:2      | Identified a +0 ring mail (You found it on level 2 of the
                  | Dungeon)
  1469 | D:2      | Identified a +0 short sword
  1470 | D:2      | Identified a +0 hunting sling
  1476 | D:2      | Reached skill level 4 in Armour
  1832 | D:3      | Identified a +0 club
  1871 | D:3      | Reached XP level 4. HP: 26/39 MP: 3/3
  2167 | D:3      | Identified a +0 club
  2185 | D:3      | Reached skill level 5 in Axes
  2355 | D:3      | Found a radiant altar of Vehumet.
  2539 | D:4      | Identified a cursed -2 giant club
  2539 | D:4      | Noticed an ogre
  2545 | D:4      | Killed an ogre
  2545 | D:4      | Reached XP level 5. HP: 45/45 MP: 4/4
  2613 | D:3      | Identified a +0 scale mail (You found it on level 3 of the
                  | Dungeon)
  2616 | D:3      | Identified a ring of protection from fire (You found it on
                  | level 3 of the Dungeon)
  2640 | D:4      | Found a blossoming altar of Fedhas.
  2650 | D:4      | Found an opulent altar of Gozag.
  2721 | D:4      | Noticed Grinder
  2731 | D:4      | Killed Grinder
  2731 | D:4      | Reached skill level 6 in Axes
  2731 | D:4      | Reached skill level 6 in Armour
  2731 | D:4      | Reached XP level 6. HP: 51/51 MP: 5/5
  2955 | D:4      | Identified a +0 war axe (You found it on level 4 of the
                  | Dungeon)
  3032 | D:4      | Identified a +0 dire flail
  3032 | D:4      | Identified a cursed +0 robe
  3032 | D:4      | Noticed Blork the orc
  3040 | D:4      | Killed Blork the orc
  3081 | D:4      | Reached skill level 7 in Axes
  3261 | D:4      | Identified a +2 cloak (You found it on level 4 of the
                  | Dungeon)
  3304 | D:4      | Reached XP level 7. HP: 53/57 MP: 6/6
  3357 | D:5      | Entered Level 5 of the Dungeon
  3358 | D:5      | Identified 4 scrolls of teleportation
  3360 | D:5      | Identified a scroll of remove curse
  3361 | D:5      | Identified 4 scrolls of amnesia
  3362 | D:5      | Identified a scroll of magic mapping
  3363 | D:5      | Identified 4 scrolls of identify
  3363 | D:5      | Identified a potion of mutation
  3364 | D:5      | Identified a scroll of fog
  3365 | D:5      | Identified 2 scrolls of enchant armour
  3366 | D:5      | Identified a scroll of fear
  3368 | D:5      | Identified 3 potions of brilliance
  3369 | D:5      | Identified 2 potions of might
  3370 | D:5      | Identified a potion of magic
  3400 | D:5      | Found a shattered altar of Ashenzari.
  3440 | D:5      | Identified a +0 falchion
  3440 | D:5      | Identified a +0 chain mail
  3441 | D:5      | Identified a +0 dagger
  3441 | D:5      | Identified a +0 ring mail
  3441 | D:5      | Identified a +0 whip
  3448 | D:5      | Reached skill level 7 in Armour
  3478 | D:5      | Reached *** piety under Trog
  3526 | D:5      | Identified a +0 dire flail of crushing
  3526 | D:5      | Identified a cursed -1 chain mail
  3526 | D:5      | Noticed Edmund
  3537 | D:5      | Killed Edmund
  3559 | D:5      | Found a glowing drain.
  3563 | Sewer    | Entered a sewer
  3589 | Sewer    | Reached skill level 8 in Axes
  3597 | Sewer    | Got a smoking steel amulet
  3598 | Sewer    | Identified the amulet of the Priest {Gourm rF++} (You found
                  | it in a sewer)
  3879 | D:5      | Identified a +0 shortbow
  4021 | D:5      | Reached skill level 8 in Armour
  4193 | D:5      | Found a runed translucent door.
  4194 | D:5      | Identified a +3 quarterstaff of chaos
  4194 | D:5      | Identified a cursed +0 cloak
  4194 | D:5      | Noticed Crazy Yiuf
  4320 | D:5      | Killed Crazy Yiuf
  4571 | D:6      | Identified a cursed -2 dagger
  4802 | D:6      | Reached XP level 8. HP: 64/64 MP: 7/7
  4811 | D:6      | Found an ornate altar of the Wu Jian Council.
  4885 | D:6      | Identified a +0 club
  4886 | D:6      | Identified a +0 vampiric dagger
  4887 | D:6      | Identified a +0 whip
  4916 | D:6      | Identified a +0 hand axe
  4916 | D:6      | Identified a +0 scale mail
  4936 | D:6      | Found a shimmering altar of Xom.
  4936 | D:6      | Identified a +2 dagger of chaos
  4937 | D:6      | Found a burning altar of Makhleb.
  4939 | D:6      | Reached skill level 9 in Axes
  5022 | D:6      | Identified a +0 dagger
  5022 | D:6      | Identified a +0 hunting sling
  5022 | D:6      | Identified a +0 club
  5022 | D:6      | Identified a +0 leather armour
  5022 | D:6      | Identified a cursed -2 club
  5034 | D:6      | Identified a +0 club
  5078 | D:6      | Identified a cursed -1 dagger
  5078 | D:6      | Identified a +0 dagger
  5079 | D:6      | Identified a +0 club
  5079 | D:6      | Identified a +0 dagger
  5391 | D:7      | Found a deep blue altar of Sif Muna.
  5391 | D:7      | Found a hide-covered altar of Uskayaw.
  5397 | D:7      | Found a snail-covered altar of Cheibriados.
  5416 | D:7      | Found a stormy altar of Qazlal.
  5429 | D:7      | Found a staircase to the Ecumenical Temple.
  5433 | D:7      | Reached skill level 9 in Armour
  5682 | D:7      | Identified a ring of protection from magic (You found it on
                  | level 7 of the Dungeon)
  5683 | D:7      | Identified an amulet of guardian spirit (You found it on
                  | level 7 of the Dungeon)
  5684 | D:7      | Identified a potion of flight
  5685 | D:7      | Identified a potion of heal wounds
  5686 | D:7      | Identified a potion of cancellation
  5739 | D:7      | Reached **** piety under Trog
  5739 | D:7      | Reached skill level 10 in Axes
  5775 | D:7      | Identified a +0 buckler (You found it on level 7 of the
                  | Dungeon)
  6145 | D:8      | Identified a +0 hand axe
  6145 | D:8      | Identified a +0 scale mail
  6145 | D:8      | Noticed Harold
  6160 | D:8      | Killed Harold
  6160 | D:8      | Reached skill level 10 in Armour
  6160 | D:8      | Reached skill level 3 in Shields
  6160 | D:8      | Reached XP level 9. HP: 70/70 MP: 8/8
  6166 | D:8      | Identified a +0 dagger
  6166 | D:8      | Identified a +0 robe
  6166 | D:8      | Identified a +0 flail
  6166 | D:8      | Identified a +0 club
  6166 | D:8      | Identified a +2 leather armour of cold resistance
  6167 | D:8      | Identified a +0 dagger
  6167 | D:8      | Identified a +0 ring mail
  6172 | D:8      | Identified a +0 dagger
  6172 | D:8      | Identified a +0 robe
  6349 | D:8      | Identified a +0 club
  6349 | D:8      | Identified a +0 ring mail
  6349 | D:8      | Identified a +0 whip
  6350 | D:8      | Identified a +0 short sword
  6350 | D:8      | Identified a cursed -1 club
  6351 | D:8      | Identified a +0 whip
  6397 | D:8      | Identified a +0 dagger
  6397 | D:8      | Identified a cursed -1 robe
  6411 | D:8      | Reached skill level 4 in Shields
  6525 | D:8      | Reached skill level 11 in Axes
  6818 | D:9      | Identified a +0 giant club
  6960 | D:9      | Reached skill level 11 in Armour
  6976 | D:9      | Identified a +0 giant spiked club
  7077 | D:9      | Identified a +0 shortbow
  7211 | D:9      | Found a shimmering altar of Xom.
  7414 | D:9      | Found the +7 mace of Variability {chain chaos}
  7431 | D:9      | ventricule: ??mace of variability
  7431 | D:9      | beem: mace of variability[1/2]: A +7 great mace with the
                  | chaos brand that has a 1/5 chance to create arcs of chaos
                  | beams that don't affect the wielder.
  7431 | D:9      | ventricule: ??mace of variability[2]
  7431 | D:9      | beem: mace of variability[2/2]: Prior to 0.22, had variable
                  | enchantment and didn't create chains of chaos. While
                  | wielded, its plus had a 40% chance per turn to shift either
                  | +1 or -1. If this would make the plus go under -4 or over
                  | +16, it was ignored (causing it to often linger near the
                  | extremes).
  7438 | D:9      | Identified a +0 pair of gloves (You found it on level 8 of
                  | the Dungeon)
  7499 | D:9      | Identified a +0 giant club
  7499 | D:9      | Identified a +0 giant club
  7499 | D:9      | Noticed a two-headed ogre
  7504 | D:9      | Killed a two-headed ogre
  7504 | D:9      | Reached skill level 2 in Maces & Flails
  7504 | D:9      | Reached XP level 10. HP: 77/77 MP: 9/9
  7541 | D:9      | Reached skill level 3 in Maces & Flails
  7541 | D:9      | Reached skill level 12 in Armour
  7556 | D:9      | Identified a +0 hand axe of electrocution
  7570 | D:9      | Reached skill level 4 in Maces & Flails
  7667 | D:9      | Identified a +0 shortbow
  7669 | D:9      | Reached skill level 5 in Maces & Flails
  7861 | D:9      | Identified a +0 club
  7907 | D:9      | Found a staircase to the Orcish Mines.
  7995 | D:10     | Entered Level 10 of the Dungeon
  7995 | D:10     | Identified a +0 long sword
  7995 | D:10     | Identified a +0 robe
  7995 | D:10     | Identified a +0 spear
  7995 | D:10     | Identified a +0 robe
  7999 | D:10     | Identified a +3 short sword
  7999 | D:10     | Identified a +0 robe
  8037 | D:10     | Identified a +0 long sword
  8037 | D:10     | Identified a +0 chain mail
  8037 | D:10     | Identified a +0 war axe
  8037 | D:10     | Identified a +0 short sword
  8037 | D:10     | Identified a +0 leather armour
  8037 | D:10     | Identified a +0 hand axe of venom
  8037 | D:10     | Identified a +0 ring mail
  8192 | D:10     | Reached ***** piety under Trog
  8192 | D:10     | Reached skill level 6 in Maces & Flails
  8243 | D:10     | Reached skill level 13 in Armour
  8343 | D:10     | Reached skill level 7 in Maces & Flails
  8347 | D:10     | HP: 15/115 [yak (15)]
  8348 | D:10     | HP: 3/115 [yak (11)]
  8351 | D:10     | HP: 1/115 [poisoned by a queen bee]
  8353 | D:10     | Succumbed to a queen bee's poison

Table legend:
 A = Turns spent in this place as a percentage of turns spent in the entire game.
 B = Non-inter-level travel turns spent in this place as a percentage of non-inter-level travel turns spent in the entire game.
 C = Inter-level travel turns spent in this place as a percentage of turns spent in this place.
 D = Turns resting spent in this place as a percentage of non-inter-level travel turns spent in this place.
 E = Turns spent auto-exploring this place as a percentage of non-inter-level travel turns spent in this place.
 F = Non-inter-level travel turns spent in this place divided by the number of levels of this place that you've seen.
                   A       B       C       D       E      F
               +-------+-------+-------+-------+-------+----------------------
         Total | 100.0 | 100.0 |   4.1 |  21.2 |  64.0 | 728.1
       Dungeon |  99.1 |  99.1 |   4.2 |  21.4 |  63.9 | 793.4
         Sewer |   0.9 |   0.9 |   0.0 |   0.0 |  74.7 |  75.0
               +-------+-------+-------+-------+-------+----------------------

Table legend:
 A = Kills in this place as a percentage of kills in entire the game.
 B = Kills by you in this place as a percentage of kills by you in the entire game.
 C = Kills by friends in this place as a percentage of kills by friends in the entire game.
 D = Other kills in this place as a percentage of other kills in the entire game.
 E = Experience gained in this place as a percentage of experience gained in the entire game.
 F = Experience gained in this place divided by the number of levels of this place that you have seen.
                   A       B       C       D       E      F
               +-------+-------+-------+-------+-------+----------------------
         Total | 100.0 | 100.0 |   N/A |   N/A | 100.0 | 922.5
       Dungeon |  97.0 |  97.0 |   N/A |   N/A |  99.0 | 1004.2
         Sewer |   3.0 |   3.0 |   N/A |   N/A |   1.0 | 106.0
               +-------+-------+-------+-------+-------+----------------------

Skill      XL: |  1  2  3  4  5  6  7  8  9 10 |
---------------+-------------------------------+-----
Axes           | 4 5 6 7 8 10 11 | 11.8
Armour         | 3 4 6 8 10 11 13 | 13.4
Shields        | 3 4 |  4.1
Maces & Flails | 2 7 |  7.5
Fighting       | |  3.6
Dodging        | |  2.1

Action                   |  1- 3 |  4- 6 |  7- 9 | 10-12 || total
-------------------------+-------+-------+-------+-------++-------
Melee: Hand axe          |    86 |    38 |       |       ||   124
       Headbutt          |     9 |    10 |    61 |    14 ||    94
       War axe           |       |    23 |   273 |       ||   296
       Great mace        |       |       |     3 |    82 ||    85
Invok: Berserk           |     1 |     3 |     4 |     3 ||    11
  Use: Scroll            |       |       |    17 |       ||    17
 Stab: Confused          |       |       |       |     1 ||     1
  Eat: Chunk             |     4 |     7 |    25 |     6 ||    42
Armor: Leather armour    |    14 |       |       |       ||    14
       Animal skin       |     1 |       |       |       ||     1
       Ring mail         |     7 |     3 |       |       ||    10
       Scale mail        |       |    22 |    39 |       ||    61
       Chain mail        |       |       |    98 |    68 ||   166
Dodge: Dodged            |    50 |    27 |   121 |    63 ||   261
Block: Buckler           |       |       |    19 |       ||    19

Vanquished Creatures
  Harold (D:8)
  A two-headed ogre (D:9)
  A queen bee (D:10)
  Grinder (D:4)
  A hippogriff (D:9)
  A spriggan (D:8)
  A wyvern (D:8)
  A hog (D:9)
  10 yaks
  2 chaos spawn (D:9)
  Edmund (D:5)
  A sky beast (D:9)
  An ice beast (D:7)
  An orc warrior (D:10)
  A phantom (D:10)
  3 ogres
  3 centaurs
  A big kobold (D:9)
  A crocodile (Sewer)
  5 bullfrogs
  Blork the orc (D:4)
  A scorpion (D:9)
  10 killer bees
  3 wights (D:10)
  4 howler monkeys (D:7)
  2 crimson imps
  A bullfrog zombie (D:5)
  3 hounds
  A jelly (D:5)
  4 orc priests
  A bullfrog skeleton (D:10)
  Crazy Yiuf (D:5)
  3 iguanas
  2 orc wizards
  4 worker ants
  2 hound zombies
  2 hound skeletons
  3 adders
  An ooze (D:1)
  3 worms
  4 dart slugs
  4 leopard geckos
  25 orcs
  6 giant cockroaches
  8 goblins
  9 hobgoblins
  8 jackals
  6 quokkas
  10 bats
  A frilled lizard (D:4)
  A giant cockroach zombie (D:5)
  17 kobolds
  A quokka skeleton (D:4)
  11 rats
201 creatures vanquished.

Vanquished Creatures (others)
  A fungus (D:5)
1 creature vanquished.

Grand Total: 202 creatures vanquished
